AoeStats
← RogerV

Arena

508928341Analyzed
4v4 RM · 7d ago on Sep 24, 2026· 53m 27s· 8 players
Game mode
Random Map
Map size
Large (8 player)
Population
200
Speed
Normal
Resources
Standard
Victory
Conquest
Starting age
Dark Age
Ending age
Imperial Age
RankedLock teamsTeams togetherTeam positionsShared explorationLock speedFull tech treeHidden civsTurbo modeCheats
Victory
Defeat
🇳🇱 Danes · Netherlands
1361
+16
🇹🇷 Slavs · Türkiye
1355
+16
🇹🇷 Japanese · Türkiye
1330
+17
🇩🇪 Varangians · Germany
1290
+19
🇨🇿 Bengalis · Czechia
1419
-20
🇮🇹 Mapuche · Italy
1367
-17
🇪🇸 Saracens · Spain
1329
-16
🇳🇱 Hindustanis · Netherlands
1302
-15
M.Gallego
10:36 Feudal Age
14:46 Castle Age
13:42 Forging
17:47 Double-Bit Axe
20:45 Horse Collar
21:26 Loom
21:27 Town Watch
22:23 Fervor
24:00 Iron Casting
25:47 Fletching
28:03 Husbandry
28:32 Town Patrol
29:15 Bloodlines
33:42 Imperial Age
32:18 Scale Barding Armor
33:24 Chain Barding Armor
33:41 Bow Saw
33:48 Elite Mameluke
35:57 Blast Furnace
36:02 Wheelbarrow
35:29 Heavy Plow
39:50 Plate Barding Armor
42:35 Bodkin Arrow
42:41 Padded Archer Armor
45:00 Chemistry
44:20 Ballistics
43:23 Crossbowman
44:12 Thumb Ring
44:05 Arbalester
44:51 Bracer
Wendysocute
10:01 Feudal Age
13:49 Castle Age
12:55 Double-Bit Axe
16:58 Horse Collar
18:04 Town Watch
21:46 Gold Mining
24:21 Fletching
25:06 Loom
26:21 Wheelbarrow
27:32 Heavy Plow
28:20 Bodkin Arrow
32:13 Imperial Age
30:03 Bow Saw
31:44 Malon
33:03 Butalmapu
33:19 Conscription
32:28 Elite Bolas Rider
34:12 Padded Archer Armor
35:19 Leather Archer Armor
36:02 Ballistics
36:37 Gold Shaft Mining
37:06 Chemistry
35:48 Treadmill Crane
36:19 Masonry
38:19 Ring Archer Armor
Rakosnik
6:14 Loom
10:18 Feudal Age
12:12 Double-Bit Axe
12:10 Horse Collar
14:53 Castle Age
16:11 Bow Saw
16:58 Gold Mining
19:07 Gold Shaft Mining
21:16 Redemption
23:52 Loom
30:59 Imperial Age
31:04 Bloodlines
30:55 Husbandry
32:10 Wheelbarrow
32:48 Scale Barding Armor
34:56 Elite Elephant Archer
35:29 Fletching
35:40 Padded Archer Armor
37:15 Bodkin Arrow
37:36 Leather Archer Armor
39:08 Ballistics
39:06 Hand Cart
39:46 Bracer
40:16 Ring Archer Armor
40:24 Paiks
41:27 Heavy Plow
41:14 Town Watch
41:53 Chain Barding Armor
41:43 Forging
40:56 Light Cavalry
47:21 Plate Barding Armor
48:20 Iron Casting
48:30 Conscription
51:46 Chemistry
50:58 Masonry
RogerV
10:02 Feudal Age
14:41 Castle Age
13:22 Double-Bit Axe
13:22 Horse Collar
15:45 Bow Saw
19:50 Light Cavalry
23:10 Husbandry
29:27 Wheelbarrow
32:38 Imperial Age
30:24 Hand Cart
29:54 Loom
29:56 Town Watch
31:41 Bloodlines
31:43 Scale Barding Armor
31:49 Forging
31:39 Padded Archer Armor
31:44 Grand Trunk Road
31:57 Gold Mining
32:01 Stone Mining
32:25 Heavy Plow
34:19 Chemistry
33:33 Siege Engineers
32:55 Hussar
33:59 Chain Barding Armor
34:14 Iron Casting
34:07 Shatagni
34:28 Conscription
39:14 Blast Furnace
38:49 Plate Barding Armor
38:33 Leather Archer Armor
42:54 Ring Archer Armor
Ther_
10:50 Feudal Age
14:27 Castle Age
12:23 Double-Bit Axe
12:37 Horse Collar
15:21 Bow Saw
21:47 Gold Mining
21:59 Murder Holes
23:45 Fletching
26:31 Wheelbarrow
25:42 Loom
25:43 Town Watch
26:16 Heavy Plow
26:52 Gold Shaft Mining
26:08 Stone Mining
26:29 Loom
30:17 Imperial Age
28:36 Hand Cart
28:54 Scale Mail Armor
29:05 Forging
30:00 Stone Shaft Mining
30:02 Town Patrol
30:22 Onager
31:17 Siege Engineers
31:45 Conscription
31:49 Northmen's Fury
32:58 Siege Onager
35:53 Hoardings
37:07 Elite Jomsviking
38:04 Chain Mail Armor
38:24 Iron Casting
41:03 Arson
41:19 Squires
41:05 Gambesons
43:53 Chemistry
43:05 Masonry
46:43 Caravan
48:37 Plate Mail Armor
49:08 Blast Furnace
48:25 Pikeman
48:57 Halberdier
49:05 Halberdier
Ryzeres
10:04 Feudal Age
14:17 Castle Age
12:27 Double-Bit Axe
12:59 Horse Collar
15:23 Bow Saw
16:34 Heavy Plow
16:37 Loom
26:03 Wheelbarrow
27:17 Hand Cart
26:48 Town Watch
28:32 Gold Mining
28:32 Stone Mining
31:23 Imperial Age
29:07 Scale Barding Armor
29:14 Forging
30:34 Stone Shaft Mining
31:13 Bloodlines
31:03 Husbandry
31:25 Chain Barding Armor
31:41 Iron Casting
32:56 Conscription
33:15 Plate Barding Armor
32:04 Elite Jarl
33:44 Guilds
35:31 Blast Furnace
36:40 Light Cavalry
37:38 Hussar
40:56 Masonry
42:12 Architecture
42:03 Ballistics
42:44 Chemistry
41:36 Fletching
41:46 Vendel Legacy
42:57 Caravan
43:39 Bodkin Arrow
43:49 Murder Holes
43:35 Treadmill Crane
44:04 Siege Engineers
47:06 Bracer
49:06 Cavalier
55:04 Two-Man Saw
Adebisi
10:17 Feudal Age
14:56 Castle Age
13:04 Double-Bit Axe
13:24 Horse Collar
15:24 Wheelbarrow
14:36 Loom
16:46 Bow Saw
21:17 Heavy Plow
25:24 Hand Cart
24:41 Pikeman
25:21 Squires
25:22 Scale Mail Armor
29:45 Imperial Age
27:45 Chain Mail Armor
28:18 Stone Mining
28:18 Gold Mining
28:22 Stone Mining
28:59 Forging
31:13 Plate Mail Armor
31:09 Conscription
30:34 Light Cavalry
31:25 Bloodlines
31:16 Husbandry
30:40 Halberdier
32:33 Iron Casting
32:08 Town Watch
32:05 Hussar
35:06 Blast Furnace
34:13 Druzhina
34:58 Gold Shaft Mining
33:58 Capped Ram
34:50 Detinets
36:19 Two-Man Saw
35:51 Crop Rotation
35:26 Siege Ram
36:44 Fletching
37:00 Scale Barding Armor
38:49 Chain Barding Armor
38:25 Bodkin Arrow
40:08 Masonry
40:19 Ballistics
40:59 Chemistry
40:32 Padded Archer Armor
41:08 Plate Barding Armor
43:22 Leather Archer Armor
43:24 Fortified Wall
42:48 Elite Boyar
43:04 Elite Skirmisher
46:19 Ring Archer Armor
47:52 Siege Engineers
50:16 Hoardings
mRt_Khan
11:19 Feudal Age
14:53 Castle Age
12:40 Double-Bit Axe
13:08 Horse Collar
16:09 Bow Saw
16:38 Heavy Plow
20:27 Loom
20:30 Town Watch
21:15 Scale Mail Armor
21:25 Forging
22:40 Wheelbarrow
23:51 Chain Mail Armor
25:15 Gold Mining
29:38 Imperial Age
29:15 Gold Shaft Mining
29:20 Squires
29:07 Arson
30:01 Hand Cart
30:45 Yasama
31:22 Plate Mail Armor
31:38 Conscription
32:34 Iron Casting
31:58 Stone Mining
32:01 Fletching
33:13 Ballistics
32:43 Guard Tower
32:41 Arrowslits
34:07 Bodkin Arrow
34:03 Elite Samurai
35:36 Bracer
35:24 Treadmill Crane
35:55 Masonry
36:49 Chemistry
36:37 Kataparuto
37:50 Blast Furnace
39:40 Two-Man Saw
38:53 Masonry
40:13 Keep
40:13 Siege Engineers
44:13 Murder Holes
48:14 Coinage
51:04 Banking
Connection lost

Rejoining the realm…

Still unreachable

The connection could not be restored.

Session expired

The server has moved on; the page needs a fresh start.